 Dungeon Crawl Stone Soup version 0.18.1-50-g88ac8fd (webtiles) character file.

188 RepoMan the Covered (level 6, -5/47 HPs)
             Began as a Formicid Fighter on Sept 19, 2016.
             Was a Follower of Elyvilon.
             Killed by divine providence
             ... invoked by an orc priest
              (11 damage)
             ... on level 4 of the Dungeon.
             The game lasted 00:16:29 (2919 turns).

RepoMan the Covered (Formicid Fighter)              Turns: 2919, Time: 00:16:30

Health: -5/47      AC: 10    Str: 21    XL:     6   Next: 0%
Magic:  6/6        EV:  7    Int:  7    God:    Elyvilon [*.....]
Gold:   203        SH:  9    Dex: 15    Spells: 0 memorised, 5 levels left

rFire  . . .     SeeInvis +     a - +0 war axe
rCold  . . .     Gourm    .     b - +0 scale mail
rNeg   . . .     Faith    .     c - +0 shield
rPois  .         Spirit   .     (helmet unavailable)
rElec  .         Dismiss  .     (no cloak)
rCorr  .         Reflect  .     (no gloves)
SustAt .         Harm     .     (no boots)
MR     .....                    (no amulet)
Stlth  ..........               i - +3 ring of dexterity
                                r - +4 ring of protection

@: drained, not resistant to hostile enchantments, extremely unstealthy
A: permanent stasis, dig shafts and tunnels, four strong arms, antennae 3
a: Dig, Shaft Self, Lesser Healing, Divine Protection, Renounce Religion


You were on level 4 of the Dungeon.
You worshipped Elyvilon.
Elyvilon was aware of your devotion.
You were not hungry.

You visited 1 branch of the dungeon, and saw 4 of its levels.

You collected 203 gold pieces.

Inventory:

Hand Weapons
 a - a +0 war axe (weapon)
Armour
 b - a +0 scale mail (worn)
 c - a +0 shield (worn)
Jewellery
 i - a +3 ring of dexterity (right hand)
 q - an uncursed amulet of guardian spirit
 r - a +4 ring of protection (left hand)
Scrolls
 e - 5 scrolls of identify {unknown}
 h - a scroll of magic mapping {unknown}
 k - a scroll of enchant weapon {unknown}
 m - 2 scrolls of noise {unknown}
 n - a scroll of blinking {unknown}
 p - a scroll of remove curse {unknown}
Potions
 d - a potion of might
 g - a potion of degeneration {unknown}
 j - a potion of lignification {unknown}
 o - a potion of curing {unknown}
Comestibles
 f - a bread ration
 l - 3 meat rations
 s - 3 beef jerkies
 t - 3 chunks of flesh


   Skills:
 - Level 3.2(2.3) Fighting
 * Level 4.4(3.5) Axes
 + Level 4.5(3.5) Armour
 + Level 4.4(3.4) Shields


You had 5 spell levels left.
You didn't know any spells.

Dungeon Overview and Level Annotations

Branches:
Dungeon (4/15)
 Temple: D:4-7

Altars:
Elyvilon
Fedhas
Kikubaaqudgha
Makhleb
Nemelex Xobeh
Qazlal
Sif Muna
Vehumet
Xom

Annotations:
D:3 Apert's ghost, amateur HOFi


Innate Abilities, Weirdness & Mutations

You are under a permanent stasis effect.
You can dig through walls and to a lower floor.
Your four strong arms can wield two-handed weapons with a shield.
You have a pair of large antennae on your head (SInv).


Message History

The orc priest is almost dead.
You closely miss the giant cockroach. You block the giant cockroach's attack.
The orc priest hits you with a falchion.
* * * LOW HITPOINT WARNING * * *
The giant cockroach bites you but does no damage.
Unknown command.
Your shield prevents you from hitting the orc priest.
The orc priest is almost dead.
You slash the giant cockroach!
You kill the giant cockroach!
You have reached level 6!
Your experience leads to an increase in your attributes!
Your base attributes are Str 21, Int 7, Dex 11.
Increase (S)trength, (I)ntelligence, or (D)exterity?
You feel agile.
The orc priest hits you with a falchion.
* * * LOW HITPOINT WARNING * * *
The orc priest calls down the wrath of Beogh upon you.
Beogh smites you!
You die...

#.. #.. #..# . #..# .
#<.# #. #..#
.##.##.)#######
........o@.....#
.).....†.)....#
#......)......#
###.#...........#
.........#.####?....
..##.....#.# .....#
#........#.####.....#
#........#........#
#..........# ....#


You could see an orc priest.

Vanquished Creatures
  An orc wizard (D:4)
  Ijyb (D:2)
  Robin (D:2)
  2 adders
  2 worms (D:2)
  A dart slug (D:2)
  2 giant geckos (D:3)
  8 orcs
  7 bats
  4 giant cockroaches
  21 goblins
  9 hobgoblins
  4 jackals (D:3)
  3 quokkas
  A ball python (D:3)
  4 giant newts
  6 kobolds
  6 rats
83 creatures vanquished.

Notes
Turn   | Place    | Note
--------------------------------------------------------------
     0 | D:1      | RepoMan the Formicid Fighter began the quest for the Orb.
     0 | D:1      | Reached XP level 1. HP: 18/18 MP: 1/1
   150 | D:1      | Reached XP level 2. HP: 24/24 MP: 2/2
   821 | D:2      | Found a white marble altar of Elyvilon.
   829 | D:2      | Became a worshipper of Elyvilon the Healer
   837 | D:2      | Reached XP level 3. HP: 29/29 MP: 3/3
   849 | D:2      | Noticed Robin
   880 | D:2      | Killed Robin
  1270 | D:2      | Reached XP level 4. HP: 28/35 MP: 4/4
  1286 | D:2      | Found a shimmering altar of Xom.
  1346 | D:2      | Noticed Ijyb
  1362 | D:2      | Killed Ijyb
  1497 | D:2      | Reached XP level 5. HP: 36/41 MP: 5/5
  1856 | D:2      | Found a radiant altar of Vehumet.
  1860 | D:2      | Found an ancient bone altar of Kikubaaqudgha.
  1866 | D:2      | Found a deep blue altar of Sif Muna.
  1873 | D:2      | Identified Kikubaaqudgha's Volume of Stolen Souls
  1955 | D:2      | Found a burning altar of Makhleb.
  1955 | D:2      | You fall through a shaft!
  1999 | D:3      | Found a blossoming altar of Fedhas.
  2020 | D:3      | Found a stormy altar of Qazlal.
  2135 | D:2      | Found a sparkling altar of Nemelex Xobeh.
  2206 | D:3      | Noticed Apert's ghost (amateur HOFi)
  2612 | D:3      | Found a faded altar to an unknown god.
  2684 | D:3      | Reached * piety under Elyvilon
  2919 | D:4      | Reached XP level 6. HP: 10/47 MP: 6/6
  2919 | D:4      | Killed from afar by an orc priest

Skill      XL: |  1  2  3  4  5 |
---------------+----------------+-----
Axes           | 3 4 |  4.4
Armour         | 4 |  4.5
Shields        | 4 |  4.4
Fighting       | |  3.2

Action                   |  1- 3 |  4- 6 || total
-------------------------+-------+-------++-------
Melee: War axe           |   118 |   152 ||   270
 Abil: Dig               |     1 |     1 ||     2
  Eat: Chunk             |     1 |     5 ||     6
       Pizza             |       |     1 ||     1
Armor: Scale mail        |    62 |    52 ||   114
Dodge: Dodged            |    46 |    40 ||    86
Block: Shield            |    69 |    71 ||   140
